 Dungeon Crawl Stone Soup version 0.32-a0-418-g34023cf50c (webtiles) character file.

Game seed: 16352388830263323137

272 Lusmu the Magician (level 6, -7/48 (53) HPs)
             Began as an Oni Hedge Wizard on Feb 21, 2024.
             Succumbed to an orc wizard's poison
             ... on level 4 of the Dungeon.
             The game lasted 00:18:09 (2931 turns).

Lusmu the Magician (Oni Hedge Wizard)               Turns: 2931, Time: 00:18:10

HP:   -7/48 (53)    AC:  4    Str: 15    XL:     6   Next: 23%
MP:   12/12         EV:  9    Int: 15    God:
Gold: 103           SH:  0    Dex: 10    Spells: 9/13 levels left

rFire   . . .        g - +2 hand axe (freeze)
rCold   . . .        (no shield)
rNeg    . . .        b - +0 robe
rPois   .            c - +0 hat
rElec   .            i - +0 cloak
rCorr   +            (gloves unavailable)
SInv    .            (boots unavailable)
Will    .....        (no amulet)
Stlth   +            u - ring of resist corrosion
HPRegen 0.28/turn    B - ring of flight
MPRegen 0.13/turn

%: no passive effects
@: confused, lethally poisoned (-7 -> -28), on berserk cooldown, flying, slowed,
drained, very slow
A: large, unfitting armour, horns 1, tough skin 1, double potion healing,
drunken brawling
a: no special abilities


You were on level 4 of the Dungeon.
You visited 1 branch of the dungeon, and saw 4 of its levels.

You collected 213 gold pieces.
You spent 110 gold pieces at shops.

Inventory:

Hand Weapons
 g - a +2 hand axe of freezing (weapon)
 y - a +2 dagger of speed
Missiles
 m - 6 poisoned darts (quivered)
Armour
 b - a +0 robe (worn)
 c - a +0 hat (worn)
 i - a +0 cloak (worn)
Magical Staves
 k - a staff of death
Jewellery
 t - a ring of ice
 u - a ring of resist corrosion (left hand)
 B - a ring of flight (right hand)
Talismans
 j - a storm talisman
Scrolls
 f - 2 scrolls of revelation
 l - a scroll of poison {unknown}
 o - a scroll of summoning {unknown}
 q - a scroll of amnesia
 s - a scroll of enchant armour {unknown}
 x - a scroll of immolation {unknown}
 z - a scroll of teleportation {unknown}
 A - a scroll of noise {unknown}
Potions
 a - a potion of might {unknown}
 d - 2 potions of magic
 e - 2 potions of resistance {unknown}
 h - a potion of degeneration {unknown}
 n - a potion of haste {unknown}
 p - a potion of attraction {unknown}
 r - 2 potions of mutation {unknown}
 w - 3 potions of heal wounds
 C - a potion of enlightenment {unknown}


   Skills:
 - Level 1.7 Dodging
 + Level 3.3 Stealth
 - Level 4.0 Spellcasting
 * Level 3.6 Conjurations
 - Level 0.8 Summonings
 - Level 0.8 Translocations
 * Level 1.6 Earth Magic


You had 9 spell levels left.
You knew the following spells:

 Your Spells              Type           Power      Damage    Failure   Level
a - Magic Dart            Conj           52%        1d5       4%          1
b - Stone Arrow           Conj/Erth      20%        3d8       19%         3

Your spell library contained the following spells:

 Spells                   Type           Power      Damage    Failure   Level
 Slow                     Hex            12%        N/A       19%         1
 Blink                    Tloc           10%        N/A       19%         2
 Call Imp                 Summ           10%        N/A       19%         2
 Cigotuvi's Dreadful Rot  Necr/Alch/Air  6%         N/A       26%         2
 Mephitic Cloud           Conj/Alch/Air  6%         N/A       32%         3
 Inner Flame              Hex/Fire       3%         N/A       47%         3
 Flame Wave               Conj/Fire      8%         2d5       65%         4
 Animate Armour           Summ/Erth      12%        N/A       71%         4
 Summon Blazeheart Golem  Fire/Summ      4%         N/A       83%         4
 Ignite Poison            Fire/Alch      3%         N/A       87%         4
 Olgreb's Toxic Radiance  Alch           3%         N/A       87%         4
 Freezing Cloud           Conj/Ice/Air   3%         6-21      97%         5
 Ozocubu's Refrigeration  Ice            1%         4d7       100%        7
 Discord                  Hex            1%         N/A       100%        8
 Lehudib's Crystal Spear  Conj/Erth      5%         10d3      100%        8


Dungeon Overview and Level Annotations

Branches:
Dungeon (4/15)
 Temple: D:4-7

Altars:
Fedhas
Hepliaklqana
Vehumet

Shops:
D:1 !

Annotations:
D:3 Sigmund


Innate Abilities, Weirdness & Mutations

You are too large for most types of armour.
You have a pair of small horns on your head.
You have tough skin. (AC +1)
You gain doubled healing and magic from potions.
Whenever you drink a healing potion, you attack all around you.


Message History

You barely miss something.
You feel sick. Something hits you but does no damage.
You are more poisoned.
The orc wizard casts a spell at you.
You are confused.
A red film seems to cover your vision as you go berserk!
You feel yourself moving faster!
You feel mighty!
You feel very sick.
You hear some strange, mumbled words.
You are more confused.
The orc wizard gestures at you while chanting.
The puff of flame hits you.
You feel a strong urge to attack something.
You feel sick. Something hits you.
You are more poisoned.
The orc wizard gestures wildly while chanting.
The orc wizard flickers and vanishes!
You feel very sick. Something hits you but does no damage.
You are lethally poisoned!
You feel your anger nearly subside.
* * * LOW HITPOINT WARNING * * *
You feel very sick.
You are no longer berserk.
You are exhausted.
You feel yourself slow down.
* * * LOW HITPOINT WARNING * * *
You feel very sick.
You hear some strange, mumbled words.
You are more confused.
* * * LOW HITPOINT WARNING * * *
You feel very sick.
You hear some strange, mumbled words.
You are more confused.
Something hits you but does no damage.
You feel drained. Something hits you.
* * * LOW HITPOINT WARNING * * *
You are more poisoned.
You closely miss something. Your headbutt misses something. You hit something.
You freeze something.
You die...

..#.......#.).........#
##......#.<....##..####
####......#......##.)...#
..........#.......#....##
......##..##.....##....##
......##..#########.....#
..##.......# ##'####
..##.......# #######
..+........# ##@.#..#
..#...##..## ##..{'._#
..##..##..# ##....#..#
####...#..###.....####
....#....#.⌠.⌠.#
#..<##..#....⌠..+ #.
#..###.⌠.⌠.# .....
#.....# ...... ##....#


There were no monsters in sight!

Vanquished Creatures
  An ogre (D:4)
  Terence (D:3)
  Robin (D:3)
  3 adders
  2 dart slugs
  3 orcs
  6 ball pythons
  2 bats
  5 endoplasms
  A giant cockroach (D:4)
  20 goblins
  6 hobgoblins
  3 quokkas
  3 frilled lizards
  4 kobolds
  4 rats
65 creatures vanquished.

Notes
Turn   | Place    | Note
-------+----------+-------------------------------------------
     0 | D:1      | Lusmu the Oni Hedge Wizard began the quest for the Orb.
     0 | D:1      | Reached XP level 1. HP: 16/16 MP: 5/5
    62 | D:1      | Reached skill level 1 in Conjurations
   196 | D:1      | Reached XP level 2. HP: 18/24 MP: 3/6
   445 | D:1      | Got Arumorosoi's Octavo of Coarse Fire
   447 | D:1      | Found Zurieb Buil's Distillery.
   498 | D:1      | Reached skill level 4 in Spellcasting
   568 | D:1      | Reached XP level 3. HP: 31/31 MP: 8/8
  1194 | D:2      | Reached XP level 4. HP: 28/39 MP: 7/10
  1354 | D:2      | Found a blossoming altar of Fedhas.
  1674 | D:1      | Bought a potion of berserk rage for 55 gold pieces
  1674 | D:1      | Bought a potion of heal wounds for 55 gold pieces
  1706 | D:3      | Noticed Terence
  1716 | D:3      | Killed Terence
  1851 | D:3      | Noticed Robin
  1885 | D:3      | Reached XP level 5. HP: 32/45 MP: 11/11
  1888 | D:3      | Killed Robin
  2062 | D:3      | Noticed Sigmund
  2119 | D:3      | Found a faded altar of an unknown god.
  2216 | D:3      | Found a hazy altar of Hepliaklqana.
  2230 | D:3      | Found a blossoming altar of Fedhas.
  2312 | D:3      | Learned a level 3 spell: Stone Arrow
  2632 | D:4      | Noticed an ogre
  2636 | D:4      | Killed an ogre
  2637 | D:4      | Reached skill level 1 in Earth Magic
  2637 | D:4      | Reached XP level 6. HP: 53/53 MP: 8/12
  2919 | D:4      | Found a radiant altar of Vehumet.
  2930 | D:4      | HP: 1/48 [something (3)]
  2931 | D:4      | Succumbed to an orc wizard's poison

Illustrated notes

Levels and vault maps discovered:
D:1:      eino_arrival_tree_alley, layout_basic, serial_shops, shop
D:2:      layout_basic, basic_altar
D:3:      layout_loops_ring, mainiacjoe_overflow_swirl,
          chequers_ecumenical_altar_simple_redux, uniq_sigmund, uniq_robin,
          uniq_terence
D:4:      layout_gridville, palyth_temple_overflow_mages, tso_metal_star,
          hangedman_decor_peaks_small, uniq_menkaure

Skill      XL: |  1  2  3  4  5 |
---------------+----------------+-----
Conjurations   | 1 2 3 |  3.6
Spellcasting   | 4 |  4.0
Stealth        | 2 3 |  3.3
Earth Magic    | 1 |  1.6
Dodging        | |  1.7
Summonings     | |  0.8
Translocations | |  0.8

Action                     |  1- 3 |  4- 6 || total
---------------------------+-------+-------++-------
  Melee: Dagger            |    34 |       ||    34
         Headbutt          |     9 |    11 ||    20
         Hand axe          |    47 |   102 ||   149
  Throw: Dart              |       |     3 ||     3
   Cast: Magic Dart        |    15 |     4 ||    19
         Stone Arrow       |       |     1 ||     1
    Use: Scroll            |       |     3 ||     3
         Potion            |       |     1 ||     1
   Stab: Sleeping          |     1 |     2 ||     3
 Armour: Robe              |    46 |    82 ||   128
  Dodge: Dodged            |    46 |    52 ||    98

Table legend: (Time is in decaauts)
 A = Elapsed time spent in this place.
 B = Non-inter-level travel time spent in this place.
 C = Inter-level travel time spent in this place.
 D = Time resting spent in this place.
 E = Time spent auto-exploring this place.
 F = Levels seen in this place.
 G = Mean time per level.
                   A        B        C        D        E       F      G
               +--------+--------+--------+--------+--------+-----+--------+
         Total |   2973 |   2914 |     59 |    182 |   1087 |   4 |  743.2 |
       Dungeon |   2973 |   2914 |     59 |    182 |   1087 |   4 |  743.2 |
               +--------+--------+--------+--------+--------+-----+--------+

Top non-repeatable levels by time:
     D:1: 1056 daAuts
     D:3: 940 daAuts
     D:2: 668 daAuts
     D:4: 307 daAuts
